 Dungeon Crawl Stone Soup version 0.19-a0-1678-g8ce114c (webtiles) character file.

103 Flanowski the Digger (level 4, 0/25 HPs)
             Began as a Gargoyle Earth Elementalist on Sept 24, 2016.
             Slain by an adder (2 damage)
             ... on level 3 of the Dungeon.
             The game lasted 00:06:28 (2596 turns).

Flanowski the Digger (Gargoyle Earth Elementalist)  Turns: 2596, Time: 00:06:28

Health: 0/25       AC:  5    Str: 11    XL:     4   Next: 79%
Magic:  0/7        EV: 12    Int: 17    God:
Gold:   184        SH:  0    Dex: 10    Spells: 1 memorised, 7 levels left

rFire  . . .     SeeInvis .     o - +0 mace
rCold  . . .     Gourm    .     c - +0 robe
rNeg   + . .     Faith    .     (no shield)
rPois  ∞         Spirit   .     (no helmet)
rElec  +         Dismiss  .     (no cloak)
rCorr  .         Reflect  .     (no gloves)
MR     .....     Harm     .     (no boots)
Stlth  +.........               (no amulet)
                                (no ring)
                                f - ring of loudness (curse)

@: no status effects
A: negative energy resistance 1, electricity resistance, unbreathing,
petrification resistance, rot immunity, AC +3
a: no special abilities


You were on level 3 of the Dungeon.
You were not hungry.

You visited 1 branch of the dungeon, and saw 3 of its levels.

You collected 184 gold pieces.

Inventory:

Hand Weapons
 g - a +0 club
 o - a +0 mace (weapon)
Missiles
 b - 180 stones (quivered)
Armour
 c - a +0 robe (worn)
Jewellery
 f - a cursed ring of loudness (left hand)
 i - a +3 amulet of reflection
Wands
 q - a wand of teleportation (5/9)
Scrolls
 k - 2 scrolls of identify
 m - a scroll of enchant armour {unknown}
 v - a scroll of noise {unknown}
Potions
 a - 2 potions of heal wounds {unknown}
 l - a potion of mutation {unknown}
 n - 2 potions of might {unknown}
 p - a potion of degeneration {unknown}
 r - a potion of ambrosia {unknown}
 s - a potion of curing {unknown}
 t - a potion of experience {unknown}
 u - a potion of cancellation {unknown}
Books
 e - a book of Geomancy

   Spells                             Type                      Level
   a - Sandblast                      Earth                        1
   b - Passwall                       Transmutation/Earth          2
   c - Stone Arrow                    Conjuration/Earth            3
   d - Petrify                        Transmutation/Earth          4
   e - Lee's Rapid Deconstruction     Earth                        5
Comestibles
 d - a bread ration
 h - 4 fruits
 j - 2 chunks of flesh


   Skills:
 + Level 1.0 Fighting
 - Level 0.4 Maces & Flails
 + Level 2.3 Dodging
 - Level 2.1 Stealth
 + Level 2.5 Spellcasting
   Level 0.7 Transmutations
 * Level 5.1 Earth Magic


You had 7 spell levels left.
You knew the following spells:

 Your Spells              Type           Power        Failure   Level  Hunger
a - Sandblast             Erth           ###...       2%          1    #......


Dungeon Overview and Level Annotations

Branches:
Dungeon (3/15)

Altars:
Okawaru
Qazlal

Portals:
Sewer: D:3


Innate Abilities, Weirdness & Mutations

You are resistant to torment.
Your stone body is resilient. (AC +3)
You are immune to poison.
You resist negative energy. (rN+)
You are resistant to electric shocks. (rElec)
You can survive without breathing.
You are immune to petrification.
You are immune to rotting.


Message History

Confirm with . or Enter, or press ? or * to list all spells.
Aiming: Sandblast
Press: ? - help, Shift-Dir - straight line, f/p - adder
Aim: an adder (severely wounded)
The blast of sand hits the adder.
You kill the adder!
The adder closely misses you. The adder closely misses you.
The adder bites you but does no damage. The adder bites you.
* * * LOW HITPOINT WARNING * * *
Casting: Sandblast
Confirm with . or Enter, or press ? or * to list all spells.
Aiming: Sandblast
Press: ? - help, Shift-Dir - straight line, f - adder
Aim: an adder (heavily wounded)
The blast of sand hits the adder.
The adder is heavily wounded.
The adder bites you.
You die...

#.# #.## #.# # #.# #.# #.# #
#.# #.# #.#### #.## #.#
###.#..† #..####.#########
........ ##.##...........#
.##.#... #.##.#.#######.# #
#..# #.##.#.####### .# #...
#.##.#.....@.#.# ># #.##
#.#...######S#.# ##. #.##
#..###.#####s#.# #.. # #...
#.## ##.##(..#.# #.# #.#...
#.# #....###.# #.# #.....
#.## #.##.###.####.#####...
##.###.##...##.#.......##...
##...###........#####.###.#
##...........#.# #.###.#


You could see an adder and a giant cockroach.

Vanquished Creatures
  6 adders
  A dart slug (D:3)
  A leopard gecko (D:1)
  An orc (D:3)
  2 ball pythons
  3 giant cockroaches
  2 goblins
  9 hobgoblins
  2 jackals (D:2)
  5 kobolds
  A quokka (D:3)
  8 bats
  A frilled lizard (D:1)
  4 rats
46 creatures vanquished.

Notes
Turn   | Place    | Note
-------+----------+-------------------------------------------
     0 | D:1      | Flanowski the Gargoyle Earth Elementalist began the quest for the Orb.
     0 | D:1      | Reached XP level 1. HP: 10/10 MP: 3/3
   236 | D:1      | Reached skill level 4 in Earth Magic
   307 | D:1      | Reached XP level 2. HP: 9/15 MP: 5/5
  1471 | D:2      | Reached XP level 3. HP: 17/19 MP: 1/6
  1802 | D:2      | Reached XP level 4. HP: 24/24 MP: 3/7
  2270 | D:3      | Reached skill level 1 in Fighting
  2488 | D:3      | Found a stormy altar of Qazlal.
  2495 | D:3      | Reached skill level 5 in Earth Magic
  2537 | D:3      | Found an iron altar of Okawaru.
  2546 | D:3      | Found a glowing drain.
  2596 | D:3      | Slain by an adder

Vault maps used:
D:1:      erik_arrival_triangle_huge
D:3:      lemuel_crystal_altar, gup_sewer_entry_glass,
          nicolae_qazlal_general_emergency

Skill      XL: |  1  2  3  4 |
---------------+-------------+-----
Earth Magic    | 4 5 |  5.1
Dodging        | 2 |  2.3
Fighting       | 1 |  1.0
Maces & Flails | |  0.4
Stealth        | |  2.1
Spellcasting   | |  2.5
Transmutations | |  0.7

Action                   |  1- 3 |  4- 6 || total
-------------------------+-------+-------++-------
Melee: Club              |   113 |       ||   113
       Unarmed           |    12 |       ||    12
       Mace              |    16 |    66 ||    82
 Cast: Sandblast         |    32 |    14 ||    46
  Use: Scroll            |     3 |       ||     3
  Eat: Chunk             |     4 |     2 ||     6
Armor: Robe              |    70 |    36 ||   106
Dodge: Dodged            |   169 |    64 ||   233
